 Dungeon Crawl Stone Soup version 0.16-a0-3770-gc215ce9 (webtiles) character file.

5531 TIT the Carver (level 10, -2/52 HPs)
             Began as a Tengu Arcane Marksman on Jan 24, 2015.
             Was an Initiate of Gozag.
             Slain by an unseen horror (3 damage)
             ... on level 9 of the Dungeon.
             The game lasted 01:13:51 (16832 turns).

TIT the Carver (Tengu Arcane Marksman)             Turns: 16832, Time: 01:13:53

Health: -2/52      AC:  5    Str: 18    XL:     10   Next: 71%
Magic:  16/16      EV: 27    Int: 18    God:    Gozag
Gold:   294        SH:  0    Dex: 21    Spells: 1 memorised, 10 levels left

rFire  . . .     SeeInvis .     u - +0 long sword
rCold  + . .     Clarity  .     e - +1 leather armour {rC+}
rNeg   . . .     SustAb   .     (no shield)
rPois  .         Gourm    .     (helmet restricted)
rElec  .         Spirit   .     (no cloak)
rCorr  .         Warding  .     (no gloves)
rMut   .         Stasis   .     (boots unavailable)
MR     .....                    a - amulet of rage
Stlth  +++.......               (no ring)
                                (no ring)

@: mighty, brilliant, agile, exhausted, flying quickly and evasively, quick, not
resistant to hostile enchantments, fairly stealthy
A: able to fly, beak, talons 3, molten scales 1
a: Potion Petition, Call Merchant, Bribe Branch, Renounce Religion, Evoke
Berserk Rage


You were on level 9 of the Dungeon.
You worshipped Gozag.
Gozag was noncommittal.
You were hungry.

You visited 1 branch of the dungeon, and saw 9 of its levels.
You also visited: Sewer.

You collected 1861 gold pieces.
You paid 1567 gold pieces to Gozag.

Inventory:

Hand weapons
 b - a +1 dagger of freezing
 p - a +0 short sword
 u - a +0 long sword (weapon)
 w - a +0 long sword
 A - a +0 great sword
Missiles
 i - 303 stones
 E - a javelin
 H - 2 tomahawks (quivered)
 I - 4 tomahawks of returning
Armour
 e - a +1 leather armour of cold resistance (worn)
 n - a +3 ring mail of magic resistance
Jewellery
 a - an amulet of rage (around neck)
 C - an uncursed ring of protection from magic {unknown}
 K - a cursed ring of teleportation {unknown}
 N - an uncursed ring of sustain abilities {unknown}
Magical devices
 k - a wand of disintegration (14)
 q - a wand of flame (27)
 x - a wand of lightning (5)
 D - a wand of flame (26)
 F - a wand of disintegration (19)
Scrolls
 c - a scroll of random uselessness
 f - a scroll of torment {unknown}
 j - 6 scrolls of remove curse
 o - a scroll of fog {unknown}
 t - 3 scrolls of recharging
 y - 2 scrolls of amnesia {unknown}
 z - a scroll of fear {unknown}
 G - a scroll of magic mapping {unknown}
 J - a scroll of enchant armour {unknown}
 M - a scroll of enchant weapon {unknown}
Potions
 h - 2 potions of restore abilities
 r - 2 potions of magic
 s - a potion of brilliance
 B - a potion of cancellation {unknown}
Books
 d - a book of Debilitation

   Spells                             Type                      Level
   a - Corona                         Hexes                        1
   b - Slow                           Hexes                        2
   c - Inner Flame                    Hexes/Fire                   3
   d - Enslavement                    Hexes                        4
   e - Cause Fear                     Hexes                        4
   f - Leda's Liquefaction            Hexes/Earth                  4
Comestibles
 l - 4 meat rations
 m - 4 fruits


   Skills:
 - Level 1.0 Fighting
 - Level 5.5(10.6) Short Blades
 - Level 13.8(14.1) Long Blades
 - Level 3.4 Throwing
 + Level 6.9 Dodging
 - Level 1.0 Spellcasting
 - Level 2.1 Hexes


You had 10 spell levels left.
You knew the following spells:

 Your Spells              Type           Power        Failure   Level  Hunger
a - Corona                Hex            ###....      1%          1    ##.....


Dungeon Overview and Level Annotations

Branches:
Dungeon (9/15)             Temple (0/1) D:7            Lair (0/8) D:9
    Orc: D:9-12

Altars:
Elyvilon
Fedhas
Gozag
Nemelex Xobeh
Trog
Vehumet

Shops:
D:4 %


Innate Abilities, Weirdness & Mutations

You can fly.
You have a beak for a mouth.
You have claws for feet.
You are partially covered in molten scales (AC +1).


Message History

Unknown command.
Use which ability? (? or * to list) You're too exhausted to go berserk.
You closely miss something. You claw something. Something closely misses you.
Something hits you but does no damage.
Unknown command.
Unknown command.
Unknown command.
You slash something! You claw something. Your peck misses something.
Something hits you.
* * * LOW HITPOINT WARNING * * *
Something hits you.
* * * LOW HITPOINT WARNING * * *
You swing at nothing.
You feel yourself speed up. Something hits you.
* * * LOW HITPOINT WARNING * * *
Something hits you.
You die...
Your body crumbles into a pile of gold.

......#### .g..# .........#
#..... .........# ....###
.........# ....%..
##.......########.>...#
.#.......g..)g........#
...Ol....#######.#....#..
.#)##..$.#######.........
##.##....##...##@##..###$ $
...##....##...##.##.....
##########.....#.##...#. $
#####..# #.......##...# ###
$ .......#
##...##......#..:. .).<...#
#...##.#.......# .......#
###.##.##..###$#$
.......######.##.##$$....# $
#####....#....##.##...#.....


There were no monsters in sight!

Vanquished Creatures
  A centaur zombie (D:8)
  2 hippogriffs
  A hungry ghost (D:9)
  Edmund (D:5)
  3 orc warriors (D:8)
  Purgy (Sewer)
  A black bear (D:6)
  2 ice beasts
  2 phantoms
  2 sky beasts
  10 ogres
  A wasp (D:9)
  2 crocodiles
  2 centaurs
  7 giant frogs
  A big kobold (D:8)
  A gnoll sergeant (D:9)
  3 scorpions
  A wight (D:8)
  4 goliath beetles
  A giant frog zombie (D:7)
  6 crimson imps
  A hound (D:4)
  2 centaur skeletons
  3 gnoll shamans
  2 giant frog skeletons (D:5)
  3 iguanas
  8 worker ants
  5 orc wizards
  2 hell rats
  15 gnolls
  2 river rats (D:9)
  2 giant mites (D:6)
  6 shadow imps
  17 adders
  3 worms
  7 giant geckos
  4 oozes
  30 orcs
  A bat skeleton (D:5)
  2 bat zombies
  12 giant cockroaches
  12 goblins
  16 hobgoblins
  12 jackals
  5 quokkas
  5 ball pythons
  15 bats
  A giant gecko skeleton (D:4)
  9 giant newts
  13 kobolds
  24 rats
294 creatures vanquished.

Vanquished Creatures (others)
  A wizard (D:3)
  A quokka (D:8)
  3 fungi (D:8)
  A plant (D:8)
6 creatures vanquished.

Grand Total: 300 creatures vanquished

Notes
Turn   | Place    | Note
--------------------------------------------------------------
     0 | D:1      | TIT, the Tengu Arcane Marksman, began the quest for the Orb.
     0 | D:1      | Reached XP level 1. HP: 12/12 MP: 2/2
   305 | D:1      | Reached XP level 2. HP: 16/16 MP: 2/4
   314 | D:1      | Reached skill level 3 in Throwing
   991 | D:1      | Reached skill level 1 in Short Blades
  1280 | D:1      | Reached XP level 3. HP: 20/20 MP: 2/5
  2277 | D:2      | You fall through a shaft!
  2289 | D:2      | Reached XP level 4. HP: 22/25 MP: 3/6
  3294 | D:3      | Reached skill level 4 in Short Blades
  3297 | D:3      | Reached XP level 5. HP: 29/29 MP: 7/9
  3408 | D:3      | Found an opulent altar of Gozag.
  3448 | D:3      | Became a worshipper of Gozag Ym Sagoz the Greedy
  3634 | D:3      | Found a bloodstained altar of Trog.
  3634 | D:3      | Noticed a wizard
  3640 | D:3      | Killed a wizard
  3977 | D:4      | Reached skill level 5 in Short Blades
  4101 | D:4      | Reached XP level 6. HP: 34/34 MP: 8/10
  4463 | D:4      | Reached skill level 1 in Long Blades
  4669 | D:4      | Found Fiun's Food Shop.
  5559 | D:4      | Reached XP level 7. HP: 32/38 MP: 11/11
  5866 | D:5      | Entered Level 5 of the Dungeon
  5999 | D:5      | Noticed Edmund
  6259 | D:5      | Reached skill level 5 in Long Blades
  6450 | D:5      | Found a sparkling altar of Nemelex Xobeh.
  7048 | D:5      | Reached skill level 6 in Long Blades
  7522 | D:6      | Gained mutation: You are partially covered in molten scales (AC +1). [potion of beneficial mutation]
  7926 | D:6      | Found a glowing drain.
  7987 | Sewer    | Entered a sewer
  8034 | Sewer    | Noticed Purgy
  8063 | Sewer    | Killed Purgy
  8063 | Sewer    | Reached skill level 7 in Long Blades
  8063 | Sewer    | Reached XP level 8. HP: 28/43 MP: 11/13
  8893 | D:6      | Reached skill level 8 in Long Blades
  9570 | D:5      | Killed Edmund
  9570 | D:5      | Reached skill level 9 in Long Blades
 10771 | D:7      | Reached skill level 10 in Long Blades
 10866 | D:7      | Reached XP level 9. HP: 36/47 MP: 11/14
 11167 | D:7      | Reached skill level 11 in Long Blades
 11223 | D:7      | Found a staircase to the Ecumenical Temple.
 11877 | D:8      | Noticed a centaur zombie
 12236 | D:8      | Killed a centaur zombie
 12236 | D:8      | Reached skill level 12 in Long Blades
 12763 | D:8      | Found a white marble altar of Elyvilon.
 13069 | D:8      | Reached skill level 13 in Long Blades
 13069 | D:8      | Reached XP level 10. HP: 30/52 MP: 14/16
 15454 | D:9      | Found a radiant altar of Vehumet.
 15516 | D:9      | Reached skill level 5 in Dodging
 16010 | D:9      | Found a staircase to the Lair.
 16024 | D:9      | Noticed a death yak
 16450 | D:9      | Found a blossoming altar of Fedhas.
 16802 | D:9      | HP: 2/52 [gnoll/spear (7)]
 16832 | D:9      | HP: 1/52 [something (5)]
 16832 | D:9      | Slain by an unseen horror

Action                   |  1- 3 |  4- 6 |  7- 9 | 10-12 || total
-------------------------+-------+-------+-------+-------++-------
Melee: Unarmed           |    22 |       |       |       ||    22
       Dagger            |    49 |   232 |   176 |       ||   457
       Long sword        |       |       |   283 |   310 ||   593
Throw: Javelin           |    37 |    30 |    12 |     4 ||    83
       Throwing net      |     3 |     3 |     1 |       ||     7
       Stone             |       |    26 |    76 |     6 ||   108
       Tomahawk          |       |     8 |    17 |    10 ||    35
 Cast: Corona            |    47 |    89 |   128 |    43 ||   307
Invok: Potion Petition   |       |       |     1 |     3 ||     4
 Abil: Fly               |       |       |    11 |    18 ||    29
       Evoke Berserk Rag |       |       |     7 |     7 ||    14
Evoke: Wand              |       |       |     2 |       ||     2
  Use: Scroll            |     3 |       |     7 |     2 ||    12
       Potion            |     2 |     2 |     9 |     2 ||    15
 Stab: Sleeping          |     2 |     2 |     1 |       ||     5
       Held in net/web   |       |     5 |     1 |       ||     6
       Distracted        |       |       |       |     1 ||     1
  Eat: Chunk             |     6 |     7 |       |       ||    13
       Beef jerky        |       |     3 |     5 |       ||     8
       Pizza             |       |     2 |       |       ||     2
       Bread ration      |       |       |     5 |     2 ||     7
       Fruit             |       |       |     1 |     1 ||     2
       Meat ration       |       |       |     1 |     3 ||     4
